Map: Acid Plant LE

Players

Daydreamer

  • Race: Protoss Protoss
  • Spawn Location: 5:00

cloudy - Winner!

  • Race: Protoss Protoss
  • Spawn Location: 11:00

Event: WCS Montreal 2018

VOD

Have the link to the VOD?

Description

Time

  • Played on: Sept. 7, 2018, 12:16 p.m.
  • Length: 4:30

All games in this series

Show
View Real Time Build Order
Export as new Build Order

Daydreamer Protoss 

Build Orders:  

Get SALT Encoding   

  1  0:00  Probe  
  12  0:04  Probe  
  14  0:17  Pylon  
  14  0:22  Probe  
  16  0:35  Probe  
  16  0:37  Forge  
  16  1:06  Pylon  
  16  1:07  Pylon  
  16  1:11  Pylon  
  16  1:16  Pylon  
  16  1:20  Probe  
  16  1:29  Gateway  
  16  1:32  Photon Cannon  
  16  1:33  Pylon  
  16  1:40  Probe  
  17  2:13  Photon Cannon  
  17  2:17  Photon Cannon  
  17  2:19  Photon Cannon  
  17  2:21  Photon Cannon  
  17  2:23  Photon Cannon  
  17  2:27  Zealot  
  16  2:30  Photon Cannon  
  17  2:47  Zealot  
  19  3:10  Zealot  
  19  3:21  Photon Cannon x2  
  19  3:22  Photon Cannon  
  19  3:25  Photon Cannon  
  16  3:34  Zealot  
  18  3:42  Photon Cannon  
  18  3:47  Probe  
  18  3:54  Zealot  
Show
View Real Time Build Order
Export as new Build Order

cloudy Protoss - Winner!

Build Orders:  

Get SALT Encoding   

  12  0:01  Probe  
  13  0:13  Probe  
  14  0:18  Pylon  
  14  0:25  Probe  
  15  0:34  Probe  
  15  0:39  Gateway  
  16  0:42  Probe  
  17  0:52  Probe  
  17  0:53  Assimilator  
  18  1:02  Assimilator  
  18  1:04  Probe  
  19  1:16  Probe  
  20  1:28  Zealot, Cybernetics Core  
  22  1:41  Pylon  
  22  1:55  Stalker  
  22  2:20  Shield Battery  
  22  2:30  Stalker  
  24  2:38  Shield Battery, Probe  
  24  2:41  Shield Battery  
  25  2:44  Pylon  
  25  2:55  Probe  
  25  2:57  Stalker  
  25  3:13  Gateway  
  25  3:26  Stalker  
  27  3:40  Shield Battery  
  27  3:56  Stalker  
  27  3:57  Shield Battery  
  27  4:18  Probe  
  30  4:27  Robotics Facility  
  30  4:28  Gateway  
Tags
 
Add a new tag
Caveats
  • Supply blocks, unpowered buildings, or Contaminate may cause inaccurate times.
  • Supply counts are checked every 10 seconds.